Map: 2000 Atmospheres LE

Players

DrHelix

  • Race: Zerg Zerg
  • Spawn Location: 7:00

Warthog - Winner!

  • Race: Terran Terran
  • League: Diamond
  • Spawn Location: 3:00

VOD

Have the link to the VOD?

Description

Time

  • Played on: Nov. 16, 2021, 4:26 p.m.
  • Length: 9:37
Show
View Real Time Build Order
Export as new Build Order

DrHelix Zerg 

Build Orders: Pool First, Ravager All-In 

Get SALT Encoding   

  12  0:01  Drone  
  13  0:10  Drone  
  14  0:26  Spawning Pool  
  13  0:29  Drone  
  14  0:36  Extractor  
  14  0:37  Drone  
  14  0:43  Overlord  
  14  0:54  Drone, Extractor  
  14  1:07  Drone  
  14  1:09  Overlord  
  15  1:17  Roach Warren  
  14  1:31  Drone  
  15  1:32  Drone  
  15  1:38  Drone  
  17  1:58  Roach  
  17  1:59  Roach  
  21  2:10  Roach  
  23  2:18  Roach  
  23  2:20  Ravager x2  
  27  2:31  Roach  
  29  2:41  Ravager  
  29  2:42  Overlord  
  30  3:06  Roach x2  
  34  3:20  Ravager  
  35  3:37  Overlord x2  
  29  3:59  Roach  
  29  4:00  Roach x2  
  29  4:01  Ravager  
  29  4:02  Ravager  
  25  4:29  Metabolic Boost  
  25  4:37  Queen, Drone x3  
  30  4:38  Hatchery  
  30  4:41  Ravager x3  
  30  5:02  Hatchery  
  30  5:05  Roach  
  31  5:07  Overlord  
  31  5:20  Queen  
  33  5:27  Drone x2  
  35  5:43  Drone  
  35  5:44  Drone  
  38  6:04  Drone x5  
  38  6:07  Overlord  
  42  6:12  Ravager  
  42  6:15  Lair  
  43  6:24  Drone x4  
  47  6:31  Spore Crawler  
  46  6:33  Queen  
  48  6:41  Zergling x8  
  48  6:42  Zergling x2  
  53  6:52  Spore Crawler  
  53  6:53  Drone  
  53  6:54  Drone x2  
  55  7:11  Drone x2  
  55  7:13  Glial Reconstitution  
  57  7:16  Drone  
  57  7:17  Overlord x3  
  58  7:33  Overlord  
  58  7:35  Queen  
  60  7:38  Drone  
  60  7:39  Evolution Chamber  
  60  7:41  Drone x3  
  60  7:42  Extractor x2  
  60  7:43  Drone x2  
  63  7:44  Drone  
  63  7:45  Drone  
  65  8:02  Drone  
  65  8:03  Drone x7  
  73  8:12  Roach x3  
  78  8:24  Roach x5  
  88  8:37  Ravager  
  89  8:46  Overlord x6  
  71  9:08  Roach x7  
Show
View Real Time Build Order
Export as new Build Order

Warthog Terran - Winner!

Build Orders: Cyclone Opening 

Get SALT Encoding   

  12  0:02  SCV  
  14  0:14  SCV  
  14  0:19  Supply Depot  
  14  0:26  SCV  
  15  0:40  SCV  
  15  0:42  Barracks  
  16  0:47  Refinery  
  16  0:52  SCV  
  17  1:05  SCV  
  18  1:16  Refinery  
  18  1:19  SCV  
  19  1:30  Marine  
  19  1:32  Orbital Command  
  20  1:47  Factory  
  20  1:48  Supply Depot  
  20  1:56  Marine  
  20  1:58  SCV  
  22  2:10  SCV  
  22  2:12  Bunker  
  23  2:17  Bunker  
  23  2:21  Supply Depot  
  23  2:24  Marine  
  23  2:28  SCV  
  25  2:33  Factory Tech Lab  
  25  2:40  Bunker  
  25  2:42  SCV, Marine  
  27  2:53  Cyclone  
  30  3:00  Marine  
  30  3:01  SCV  
  32  3:09  Starport  
  32  3:15  Supply Depot  
  30  3:29  Siege Tank  
  33  3:36  Marine  
  34  3:51  SCV  
  34  3:54  Marine  
  36  3:55  Viking  
  38  4:04  SCV  
  38  4:08  Supply Depot  
  38  4:25  SCV  
  38  4:37  SCV  
  39  4:39  Command Center  
  39  4:51  Barracks Reactor  
  39  4:53  Supply Depot  
  39  4:54  SCV  
  40  5:07  SCV  
  40  5:13  Barracks  
  41  5:15  Starport Reactor  
  41  5:19  Barracks, SCV  
  42  5:21  Factory Tech Lab  
  42  5:29  Marine x2  
  42  5:33  Engineering Bay  
  44  5:41  SCV  
  45  5:44  Siege Tank  
  48  5:50  Marine x2  
  48  5:53  SCV  
  48  5:54  Orbital Command  
  49  6:05  SCV  
  49  6:06  Marine  
  49  6:07  Stimpack  
  51  6:13  Marine x2, Starport Reactor  
  51  6:16  Terran Infantry Weapons Level 1  
  51  6:17  SCV  
  51  6:18  Marine  
  55  6:25  SCV  
  56  6:26  Marine  
  56  6:29  SCV  
  56  6:30  Marine  
  56  6:31  Marine  
  60  6:37  SCV  
  60  6:38  Siege Tank  
  60  6:39  Marine x2  
  66  6:41  SCV  
  67  6:49  SCV, Medivac  
  70  7:00  Supply Depot  
  70  7:01  Supply Depot  
  70  7:09  Barracks  
  70  7:10  Barracks  
  70  7:21  SCV x2, Medivac, Marine x4  
  78  7:28  Marine  
  79  7:30  Supply Depot  
  79  7:31  Siege Tank  
  79  7:32  Supply Depot, Medivac  
  79  7:33  SCV  
  85  7:37  Supply Depot  
  85  7:39  Marine  
  86  7:46  Combat Shield  
  86  7:52  Marine x4  
  86  7:56  SCV  
  86  7:57  Marine  
  92  8:01  Barracks Reactor  
  92  8:02  Barracks Reactor, Supply Depot  
  92  8:04  Medivac  
  92  8:05  Supply Depot, Medivac  
  96  8:10  Marauder, Marine  
  99  8:21  Marine x2  
  99  8:22  Marine  
  99  8:23  Siege Tank  
  105  8:27  Marine  
  105  8:29  Supply Depot  
  105  8:30  Supply Depot  
  105  8:31  Marauder  
  108  8:34  SCV  
  108  8:39  Marine x3  
  112  8:41  Marine x3  
  112  8:45  Marine  
  116  8:53  Marauder  
  114  9:13  Marine x2  
  114  9:14  Marauder  
Tags
 
Add a new tag
Caveats
  • Supply blocks, unpowered buildings, or Contaminate may cause inaccurate times.
  • Supply counts are checked every 10 seconds.